 Dungeon Crawl Stone Soup version 0.31-a0-986-g5e6e4ef867 (webtiles) character file.

Game seed: 8978567089328216105

296 GloriousHammer the Poker (level 6, -14/51 HPs)
             Began as a Minotaur Fighter on Nov 5, 2023.
             Demolished by a large abomination (27 damage)
             ... on level 1 of the Abyss on Nov 6, 2023.
             The game lasted 00:09:21 (3184 turns).

GloriousHammer the Poker (Minotaur Fighter)         Turns: 3184, Time: 00:09:22

Health: -14/51     AC: 12    Str: 22    XL:     6   Next: 12%
Magic:  0/5        EV:  6    Int:  5    God:
Gold:   152        SH:  4    Dex: 10    Spells: 3/5 levels left

rFire   . . .        a - +0 trident
rCold   . . .        c - +0 buckler
rNeg    . . .        t - +0 plate armour
rPois   .            (helmet restricted)
rElec   .            (no cloak)
rCorr   .            (no gloves)
SInv    .            q - +0 pair of boots
Will    .....        y - amulet of guardian spirit Stlth
                     (no ring)
HPRegen 0.28/turn    (no ring)
MPRegen 0.09/turn

%: guardian spirit
@: no status effects
A: horns 2, retaliatory headbutt
a: no special abilities


You were on level 1 of the Abyss.
You visited 1 branch of the dungeon, and saw 4 of its levels.
You visited the Abyss 1 time.
You also visited: Sewer.

You collected 152 gold pieces.

Inventory:

Hand Weapons
 a - a +0 trident (weapon)
Missiles
 k - 17 poisoned darts
 l - 10 boomerangs
 n - a throwing net
Armour
 c - a +0 buckler (worn)
 g - a +0 kite shield
 q - a +0 pair of boots (worn)
 t - a +0 plate armour (worn)
Jewellery
 y - an amulet of guardian spirit (around neck)
 C - a ring of ice
Scrolls
 b - 2 scrolls of revelation {unknown}
 f - 3 scrolls of identify {unknown}
 i - 2 scrolls of enchant weapon {unknown}
 j - 3 scrolls of fog {unknown}
 p - a scroll of teleportation {unknown}
 v - 3 scrolls of fear {unknown}
 x - a scroll of immolation {unknown}
Potions
 d - 3 potions of lignification {unknown}
 e - a potion of experience {unknown}
 h - 4 potions of mutation {unknown}
 m - a potion of attraction {unknown}
 o - a potion of cancellation {unknown}
 r - 4 potions of curing {unknown}
 s - a potion of resistance {unknown}
 u - 2 potions of magic {unknown}
 w - a potion of heal wounds {unknown}
 z - a potion of haste {unknown}
 A - a potion of berserk rage {unknown}
 B - a potion of might
 D - a potion of ambrosia {unknown}


   Skills:
 - Level 3.6 Fighting
 + Level 7.7 Polearms
 - Level 3.6 Armour
 - Level 4.0 Shields


You had 3 spell levels left.
You knew the following spells:

 Your Spells              Type           Power      Damage    Failure   Level
a - Blink                 Tloc           0%         N/A       100%        2

Your spell library contained the following spells:

 Spells                   Type           Power      Damage    Failure   Level
 Cigotuvi's Dreadful Rot  Necr/Pois/Air  0%         N/A       100%        2
 Summon Guardian Golem    Hex/Summ       0%         N/A       100%        3
 Dispel Undead            Necr           0%         3d6       100%        4
 Manifold Assault         Tloc           0%         N/A       100%        4
 Death Channel            Necr           0%         N/A       100%        6
 Orb of Destruction       Conj           0%         9d5       100%        7
 Spellforged Servitor     Conj/Summ      0%         N/A       100%        7


Dungeon Overview and Level Annotations

Branches:
Dungeon (4/15)              Sewer (visited)
 Temple: D:4-7

Altars:


Innate Abilities, Weirdness & Mutations

You have a pair of horns on your head.
You reflexively headbutt those who attack you in melee.


Message History

You puncture the goblin!
You kill the goblin!
Things that are here:
a +0 club; 5 stones You puncture the hobgoblin!
You kill the hobgoblin!
No target in view!
You see here a hobgoblin corpse.
An orc comes into view. It is wielding a +0 dagger.
The orc shouts!
You hear a shout! x2
An orc comes into view.
It is wielding a +0 dagger of distortion.
An orc comes into view. It is wielding a +0 mace.
You reach to attack!
You hit the orc.
The orc is heavily wounded.
You hit the orc but do no damage. You headbutt the orc.
You kill the orc!
Things that are here:
a +0 dagger; a +0 leather armour The orc shouts!
You hear a shout! 2 orcs come into view.
The orc shouts! x2
You reach to attack!
You puncture the orc!
You kill the orc!
The orc throws a boomerang.
The boomerang closely misses you.
You reach to attack!
You puncture the orc!
You kill the orc!
You reach to attack!
You barely miss the orc. You closely miss the orc. The orc barely misses you.
You hit the orc.
The orc is heavily wounded.
You hit the orc. You headbutt the orc.
The orc is almost dead.
The orc hits you but does no damage. x2
Space warps horribly around you!!
You closely miss the orc.
The orc is almost dead.
You block the orc's attack. The orc hits you but does no damage.
You are cast into the Abyss!
This branch contains the abyssal rune of Zot.
Found a gateway leading deeper into the Abyss.
A ynoxinul comes into view.
The ynoxinul bellows!
The ynoxinul gestures.
A ynoxinul comes into view.
The ynoxinul bellows!
The ynoxinul gestures.
The ynoxinul gestures.
The ynoxinul gestures.
The ynoxinul gestures.
You puncture the starcursed mass! You headbutt the starcursed mass!
The starcursed mass is lightly damaged.
The ufetubus hits you. You block the ufetubus's attack.
Unknown command.
The ufetubus slips past you!
The ufetubus hits you but does no damage. x2
The starcursed mass shrieks in your mind.
You block the ufetubus's attack. The ufetubus barely misses you.
A large abomination comes into view.
A starcursed mass splits.
The starcursed mass shrieks in your mind.
The ufetubus hits you but does no damage.
The ufetubus barely misses you.
The ufetubus hits you but does no damage.
The ufetubus barely misses you. The ufetubus slips past you!
The ufetubus hits you but does no damage.
The ufetubus barely misses you. x2; You furiously retaliate!
You headbutt the ufetubus. The ufetubus barely misses you.
A starcursed mass splits.
The ufetubus closely misses you. You furiously retaliate!
You headbutt the ufetubus!
You kill the ufetubus!
The ufetubus disappears in a puff of smoke!
The ufetubus attacks as it pursues you! You block the ufetubus's attack. x2
The starcursed mass shrieks in your mind.
The ufetubus barely misses you. The ufetubus hits you.
A starcursed mass splits.
The ufetubus hits you but does no damage.
The ufetubus hits you.
A starcursed mass splits.
The ufetubus attacks as it pursues you!
The ufetubus hits you but does no damage. x2
A thrashing horror comes into view.
A chorus of shrieks assaults your mind. The ufetubus barely misses you.
You block the ufetubus's attack.
The thrashing horror moves out of view.
The ufetubus attacks as it pursues you!
The ufetubus hits you but does no damage.
You block the ufetubus's attack. A chorus of shrieks assaults your mind.
The thrashing horror tramples you but does no damage. x2
You block the ufetubus's attack.
The ufetubus hits you but does no damage.
You hit the ufetubus.
You kill the ufetubus!
The ufetubus disappears in a puff of smoke!
The thrashing horror tramples you but does no damage.
The thrashing horror tramples you.
* * * LOW HITPOINT WARNING * * *
You stumble backwards!
The large abomination hits you!!
Ouch! That really hurt!
You die...

.. .# ..#.
##..#..
.#....# ....#
####...# #.#X#
#.@#.# #
#.X#..#
##..##5###..
#...#.#X.###.
#...##X.# ..
##....X#5# #..
#......#.#..#.
#X####3#.....#
....#...3###


You could see 3 starcursed masses, a thrashing horror, a large abomination, a
ynoxinul and an ufetubus (summoned).

Vanquished Creatures
  A kobold brigand (Sewer)
  An orc priest (D:3)
  3 gnolls (D:2)
  8 adders
  6 worms
  A dart slug (D:2)
  7 orcs
  6 ball pythons
  6 endoplasms
  2 giant cockroaches (D:3)
  3 goblins
  6 hobgoblins
  4 jackals (D:3)
  10 kobolds
  2 quokkas
  8 bats
  10 rats
84 creatures vanquished.

Notes
Turn   | Place    | Note
-------+----------+-------------------------------------------
     0 | D:1      | GloriousHammer the Minotaur Fighter began the quest for the
                  | Orb.
     0 | D:1      | Reached XP level 1. HP: 19/19 MP: 0/0
   446 | D:1      | Reached skill level 3 in Polearms
   446 | D:1      | Reached XP level 2. HP: 24/26 MP: 1/1
   848 | D:2      | Reached skill level 4 in Polearms
   848 | D:2      | Reached XP level 3. HP: 20/31 MP: 2/2
  1238 | D:2      | Reached skill level 5 in Polearms
  1238 | D:2      | Reached XP level 4. HP: 19/39 MP: 3/3
  1533 | D:2      | Learned a level 2 spell: Blink
  1686 | D:3      | Reached skill level 6 in Polearms
  1823 | D:3      | Found a glowing drain.
  1838 | Sewer    | Entered a sewer
  1865 | Sewer    | Reached XP level 5. HP: 43/45 MP: 4/4
  2136 | Sewer    | Reached skill level 7 in Polearms
  2986 | D:3      | Reached XP level 6. HP: 44/51 MP: 3/5
  3107 | Abyss:1  | Cast into level 1 of the Abyss (orc)
  3124 | Abyss:1  | Noticed a ynoxinul
  3158 | Abyss:1  | Noticed a ynoxinul
  3171 | Abyss:1  | Noticed a starcursed mass
  3174 | Abyss:1  | Noticed a large abomination
  3181 | Abyss:1  | Noticed a thrashing horror
  3184 | Abyss:1  | Demolished by a large abomination

Illustrated notes

Levels and vault maps discovered:
D:1:      ebering_trefoil_twist, layout_basic
D:2:      layout_basic
D:3:      layout_loops_corners, cheibrodos_sewer_entry_sluice,
          chequers_serial_rivers_room_b, minmay_quadrilaterals
D:4:      layout_layer_cave, minmay_temple_entry_sparse_star
Abyss:1:  base:
Temple

Skill      XL: |  1  2  3  4  5 |
---------------+----------------+-----
Polearms       | 3 4 5 6 7 |  7.7
Shields        | 4 |  4.0
Fighting       | |  3.6
Armour         | |  3.6

Action                     |  1- 3 |  4- 6 || total
---------------------------+-------+-------++-------
  Melee: Trident           |    81 |   168 ||   249
         Headbutt          |     5 |    15 ||    20
    Use: Potion            |     1 |       ||     1
   Stab: Distracted        |       |     1 ||     1
 Armour: Scale mail        |    43 |     3 ||    46
         Plate armour      |       |    98 ||    98
  Dodge: Dodged            |    31 |    55 ||    86
  Block: Buckler           |     9 |    36 ||    45

Table legend: (Time is in decaauts)
 A = Elapsed time spent in this place.
 B = Non-inter-level travel time spent in this place.
 C = Inter-level travel time spent in this place.
 D = Time resting spent in this place.
 E = Time spent auto-exploring this place.
 F = Levels seen in this place.
 G = Mean time per level.
                   A        B        C        D        E       F      G
               +--------+--------+--------+--------+--------+-----+--------+
         Total |   3302 |   3255 |     47 |    154 |   1915 |   6 |  550.3 |
       Dungeon |   2638 |   2591 |     47 |    154 |   1639 |   4 |  659.5 |
         Abyss |     76 |     76 |      0 |      0 |      0 |   1 |   76.0 |
         Sewer |    587 |    587 |      0 |      0 |    275 |   1 |  587.0 |
               +--------+--------+--------+--------+--------+-----+--------+

Top non-repeatable levels by time:
     D:3: 1002 daAuts
     D:2: 832 daAuts
     D:1: 725 daAuts
   Sewer: 587 daAuts
     D:4: 78 daAuts
 Abyss:1: 76 daAuts
